 Dungeon Crawl Stone Soup version 0.26.1-11-gd32895ea62 (webtiles) character file.

Game seed: 6094609199113645939

94 Silvore the Slasher (level 4, -1/34 HPs)
             Began as a Demonspawn Gladiator on June 29, 2021.
             Slain by an orc wizard
             ... wielding a +0 dagger
              (2 damage)
             ... on level 3 of the Dungeon.
             The game lasted 00:03:26 (1532 turns).

Silvore the Slasher (Demonspawn Gladiator)          Turns: 1532, Time: 00:03:26

Health: -1/34      AC:  8    Str: 16    XL:     4   Next: 38%
Magic:  4/4        EV: 12    Int:  9    God:
Gold:   127        SH:  0    Dex: 14    Spells: 3/3 levels left

rFire    . . .     SeeInvis .   a - +0 long sword
rCold    . . .     Faith    .   (no shield)
rNeg     . . .     Spirit   .   k - +1 ring mail
rPois    .         Reflect  .   c - +0 helmet
rElec    .         Harm     +   g - scarf {harm}
rCorr    .         Rampage  .   n - +0 pair of gloves
Will     .....                  (no boots)
Stlth    +.........             o - amulet of inaccuracy (curse)
HPRegen  0.11/turn              (no ring)
MPRegen  0.09/turn              (no ring)

@: no status effects
A: claws 1, powered by death 1
a: no special abilities


You were on level 3 of the Dungeon.
You visited 1 branch of the dungeon, and saw 3 of its levels.

You collected 127 gold pieces.

Inventory:

Hand Weapons
 a - a +0 long sword (weapon)
Missiles
 d - 3 throwing nets (quivered)
Armour
 b - a +0 leather armour
 c - a +0 helmet (worn)
 g - a scarf of harm (worn)
 k - a +1 ring mail (worn)
 n - a +0 pair of gloves (worn)
Jewellery
 o - a cursed amulet of inaccuracy (around neck)
Scrolls
 h - a scroll of amnesia
Potions
 f - 3 potions of curing {unknown}
 i - 5 potions of heal wounds
 l - 2 potions of ambrosia {unknown}
 m - a potion of resistance {unknown}


   Skills:
 + Level 2.5 Fighting
 + Level 3.7 Long Blades
 + Level 1.9 Throwing
 + Level 0.4 Armour
 + Level 3.4 Dodging


You had 3 spell levels left.
You didn't know any spells.
Your spell library was empty.

Dungeon Overview and Level Annotations

Branches:
Dungeon (3/15)

Altars:


Innate Abilities, Weirdness & Mutations

You have sharp fingernails.
You regenerate a little health from kills.


Message History

You hear some strange, mumbled words.
Something tries to affect you, but you resist.
You hit something.
An orc wizard appears from thin air!
Reactivating autopickup.
The orc wizard barely misses you.
You hit the orc wizard but do no damage.
The orc wizard is severely wounded.
The orc wizard points at itself and mumbles some strange words.
The orc wizard flickers and vanishes!
Deactivating autopickup; reactivate with Ctrl-A.
You completely miss something. Something hits you but does no damage.
You hit something but do no damage. Something hits you.
* * * LOW HITPOINT WARNING * * *
Something hits you.
* * * LOW HITPOINT WARNING * * *
You miss something. Something hits you but does no damage.
You completely miss something. Something hits you.
* * * LOW HITPOINT WARNING * * *
You miss something. Something hits you.
You die...

#...#####.#
......#....#
####....#..#
#.#.##..# #.#.
#..# # #.#.
#..##.###
##.#.##........
.......(....###
##.####@#####
#{# #B# ...
##.## ..# ###


You could see a giant cockroach.

Vanquished Creatures
  2 adders (D:2)
  4 dart slugs
  4 leopard geckos
  4 orcs (D:3)
  2 giant cockroaches (D:1)
  6 goblins
  8 hobgoblins
  4 jackals (D:1)
  2 ball pythons
  6 bats
  2 frilled lizards
  4 kobolds
  8 rats
56 creatures vanquished.

Notes
Turn   | Place    | Note
-------+----------+-------------------------------------------
     0 | D:1      | Silvore the Demonspawn Gladiator began the quest for the
                  | Orb.
     0 | D:1      | Reached XP level 1. HP: 16/16 MP: 1/1
   120 | D:1      | Gained mutation: You regenerate a little health from kills.
                  | [demonic ancestry]
   120 | D:1      | Reached XP level 2. HP: 11/22 MP: 2/2
   538 | D:1      | Reached XP level 3. HP: 27/27 MP: 3/3
  1119 | D:2      | Gained mutation: You have sharp fingernails. [demonic
                  | ancestry]
  1119 | D:2      | Reached XP level 4. HP: 34/34 MP: 4/4
  1531 | D:3      | HP: 1/34 [something (1)]
  1532 | D:3      | Slain by an orc wizard

Illustrated notes

Levels and vault maps discovered:
D:1:      shiori_arrival_maze, layout_basic
D:2:      layout_basic
D:3:      layout_loops_ring, okawaru_metal_pillars_3, uniq_natasha, uniq_grinder

Skill      XL: |  1  2 |
---------------+-------+-----
Dodging        | 3 |  3.4
Long Blades    | 3 |  3.7
Fighting       | |  2.5
Throwing       | |  1.9
Armour         | |  0.4

Action                   |  1- 3 |  4- 6 || total
-------------------------+-------+-------++-------
Melee: Long sword        |    92 |   100 ||   192
  Use: Scroll            |     3 |     3 ||     6
 Stab: Sleeping          |     1 |       ||     1
Armor: Leather armour    |    18 |       ||    18
       Ring mail         |     9 |    77 ||    86
Dodge: Dodged            |    85 |    94 ||   179
       Rpst.: Long sword |    29 |    30 ||    59
